Map: Remanso LE

Players

Dest

  • Race: Protoss Protoss
  • League: Silver
  • Spawn Location: 11:00

IagoAbreu - Winner!

  • Race: Terran Terran
  • League: Silver
  • Spawn Location: 5:00

VOD

Have the link to the VOD?

Description

Time

  • Played on: March 9, 2018, 4:31 p.m.
  • Length: 2:30
Show
View Real Time Build Order
Export as new Build Order

Dest Protoss 

Build Orders:  

Get SALT Encoding   

  12  0:16  Pylon  
  12  0:18  Probe (Chrono Boost)  
  13  0:35  Forge  
  13  0:46  Assimilator  
  13  0:47  Probe  
  14  0:59  Probe (Chrono Boost)  
  16  1:11  Probe (Chrono Boost)  
  16  1:14  Gateway  
  16  1:16  Probe (Chrono Boost)  
  17  1:24  Pylon  
  17  1:37  Assimilator  
  16  2:16  Gateway  
  16  2:18  Probe (Chrono Boost)  
Show
View Real Time Build Order
Export as new Build Order

IagoAbreu Terran - Winner!

Build Orders:  

Get SALT Encoding   

  12  0:13  SCV, Supply Depot  
  13  0:27  SCV  
  14  0:32  Refinery  
  14  0:39  SCV  
  15  0:48  Barracks  
  15  0:57  Supply Depot  
  15  1:01  SCV  
  16  1:18  SCV  
  17  1:20  Engineering Bay  
  17  1:53  SCV  
  18  2:03  Barracks Reactor  
  18  2:06  Barracks  
  18  2:12  SCV  
Tags
 
Add a new tag
Caveats
  • Supply blocks, unpowered buildings, or Contaminate may cause inaccurate times.
  • Supply counts are checked every 10 seconds.